 Dungeon Crawl Stone Soup version 0.24-a0-537-g2d01d4ab0a (webtiles) character file.

Game seed: 14214344442506501490

21 MordorOrchid the Changer (level 2, -1/17 HPs)
             Began as a Gargoyle Wanderer on Aug 16, 2019.
             Slain by a kobold (3 damage)
             ... on level 1 of the Dungeon.
             The game lasted 00:01:37 (435 turns).

MordorOrchid the Changer (Gargoyle Wanderer)         Turns: 435, Time: 00:01:37

Health: -1/17      AC:  4    Str: 16    XL:     2   Next: 83%
Magic:  2/2        EV: 11    Int: 11    God:
Gold:   11         SH:  0    Dex:  9    Spells: 0/1 levels left

rFire    . . .     SeeInvis .   a - +2 dagger
rCold    . . .     Gourm    .   (no shield)
rNeg     + . .     Faith    .   e - +0 robe
rPois    ∞         Spirit   .   (no helmet)
rElec    +         Reflect  .   (no cloak)
rCorr    .         Harm     .   (no gloves)
MR       .....                  (no boots)
Stlth    +.........             (no amulet)
HPRegen  0.05/turn              (no ring)
MPRegen  0.08/turn              (no ring)

@: no status effects
A: negative energy resistance 1, electricity resistance, unbreathing,
petrification resistance, rot immunity, AC +2
a: no special abilities


You were on level 1 of the Dungeon.
You were not hungry.

You visited 1 branch of the dungeon, and saw 1 of its levels.

You collected 11 gold pieces.

Inventory:

Hand Weapons
 a - a +2 dagger (weapon)
Armour
 e - a +0 robe (worn)
Scrolls
 c - a scroll of identify {unknown}
 d - 3 scrolls of teleportation
 g - 2 scrolls of magic mapping {unknown}
Potions
 b - a potion of haste
Comestibles
 f - 4 rations
 h - a chunk of flesh


   Skills:
 * Level 2.2 Fighting
   Level 2.0 Bows
 - Level 2.1 Armour
 - Level 1.1 Stealth
 * Level 1.5 Unarmed Combat
   Level 2.4 Transmutations
   Level 1.0 Evocations


You couldn't memorise any spells.
You knew the following spells:

 Your Spells              Type           Power        Failure   Level  Hunger
a - Animate Skeleton      Necr           N/A          34%         1    ##.....

Your spell library contained the following spells:

 Spells                   Type           Power        Failure   Level  Hunger
 Regeneration             Chrm/Necr      #.........   71%         3    ####...


Dungeon Overview and Level Annotations

Branches:
Dungeon (1/15)

Altars:


Innate Abilities, Weirdness & Mutations

You are resistant to torment.
Your stone body is resilient. (AC +2)
You are immune to poison.
You resist negative energy. (rN+)
You are resistant to electric shocks. (rElec)
You can survive without breathing.
You are immune to petrification.
You are immune to rotting.


Message History

The jackal is almost dead.
The jackal bites you but does no damage.
You hit the jackal but do no damage.
The jackal is almost dead.
The jackal barely misses you. x2
You completely miss the jackal.
The jackal is almost dead.
The jackal misses you.
You hit the jackal but do no damage.
The jackal is almost dead.
The jackal bites you.
* * * LOW HITPOINT WARNING * * *
The jackal bites you but does no damage.
You barely miss the jackal.
The jackal is almost dead.
The jackal bites you but does no damage.
You hit the jackal.
You kill the jackal!
You barely miss the kobold. The kobold hits you.
You die...

######### ##.#####
#.......# #......#
#.......# #..##
#.......# #...# #
#.......# #.#.##.#
#.......# #......#
###.......#
###.####
#.........# #K#
#.##...##.######@#
#.##...##.##.....#
..#....##.##.#####
#########
......###.##.#
########.......#
..#)..###.##.#
#.>...##.#####.#
#.........##.#
#.###.##(#####.#
#####........# #.#
#.......##.#
##.#######
#.###.##.##.##.###
#)#
#.....##......)...


You could see a kobold.

Vanquished Creatures
  A giant cockroach (D:1)
  2 hobgoblins (D:1)
  4 jackals (D:1)
  A bat (D:1)
  3 frilled lizards (D:1)
  3 goblins (D:1)
  A kobold (D:1)
  6 rats (D:1)
21 creatures vanquished.

Notes
Turn   | Place    | Note
-------+----------+-------------------------------------------
     0 | D:1      | MordorOrchid the Gargoyle Wanderer began the quest for the
                  | Orb.
     0 | D:1      | MordorOrchid set off with the following items: a +2 dagger,
                  | a potion of haste, a scroll of teleportation, a +0 robe, a
                  | ration; and the following spell memorised: Animate
                  | Skeleton; and the following spells available to memorise:
                  | Regeneration
     0 | D:1      | Reached XP level 1. HP: 12/12 MP: 1/1
   103 | D:1      | Reached skill level 1 in Unarmed Combat
   103 | D:1      | Reached XP level 2. HP: 11/17 MP: 2/2
   435 | D:1      | Slain by a kobold

Levels and vault maps discovered:
D:1:      ncdulo_wetmaze, layout_loops_cross

Skill      XL: |  1  2 |
---------------+-------+-----
Unarmed Combat | 1 |  1.5
Fighting       | 2 |  2.2
Bows           | |  2.0
Armour         | |  2.1
Stealth        | |  1.1
Transmutations | |  2.4
Evocations     | |  1.0

Action                   || total
-------------------------++-------
Melee: Dagger            ||    70
Armor: Robe              ||    30
Dodge: Dodged            ||    49

Table legend:
 A = Non-vault XP
 B = Vault XP
 C = Vault XP percentage of total XP
 D = Non-vault monster count
 E = Vault monster count
 F = Vault count percentage of total count
                 A         B        C        D         E       F
            +---------+---------+-------+---------+---------+-------
      Total |      30 |       0 |   0.0 |      21 |       0 |   0.0
            +---------+---------+-------+---------+---------+-------
        D:1 |      30 |       0 |   0.0 |      21 |       0 |   0.0
            +---------+---------+-------+---------+---------+-------
